 Dungeon Crawl Stone Soup version 0.25.1-2-g60ff931 (webtiles) character file.

Game seed: 9585881432459712200

24388 Atlas the Thaumaturge (level 12, -2/84 HPs)
             Began as a Mummy Ice Elementalist on Sept 7, 2020.
             Was an Initiate of Gozag.
             Slain by a sixfirhy (4 damage)
             ... summoned by Frances
             ... on level 14 of the Dungeon.
             The game lasted 00:29:42 (19341 turns).

Atlas the Thaumaturge (Mummy Ice Elementalist)     Turns: 19341, Time: 00:29:42

Health: -2/84      AC:  6    Str: 27    XL:     12   Next: 80%
Magic:  10/29      EV: 13    Int: 21    God:    Gozag
Gold:   1907       SH:  5    Dex: 12    Spells: 19/38 levels left

rFire    + . .     SeeInvis .   w - +3 double sword "Buoh" {pain, +Fly rElec Stlth+} (curse)
rCold    + . .     Gourm    .   (no shield)
rNeg     + + +     Faith    .   D - +1 leather armour "Sekagour" {rF+ rN+ Str+2} (curse)
rPois    ∞         Spirit   .   (no helmet)
rElec    +         Reflect  +   (no cloak)
rCorr    .         Harm     .   q - +0 pair of gloves (curse)
MR       +....                  l - +0 pair of boots
Stlth    +++.......             o - amulet of reflection
HPRegen  0.24/turn              d - +6 ring of strength
MPRegen  0.21/turn              m - ring "Huteowk" {+Fly rF+ Str+6 Int+3}

@: about to teleport, frozen ramparts, very slightly contaminated
A: no food or potions, fire vulnerability, cold resistance 1, negative energy
resistance 3, torment resistance, unbreathing
a: Potion Petition, Call Merchant, Bribe Branch, Renounce Religion, Evoke Flight


You were on level 14 of the Dungeon.
You worshipped Gozag.
Gozag was most pleased with you.
You were not hungry.

You visited 2 branches of the dungeon, and saw 15 of its levels.

You collected 3166 gold pieces.
You spent 369 gold pieces at shops.
You paid 890 gold pieces to Gozag.

Inventory:

Hand Weapons
 u - a +3 scimitar of flaming
 w - the cursed +3 double sword "Buoh" (weapon) {pain, +Fly rElec Stlth+}
   (You found it on level 10 of the Dungeon)

   In the hands of one skilled in necromantic magic, it inflicts extra damage on
   living creatures.
   It insulates you from electricity.
   It lets you fly.
   It makes you more stealthy.
   It has a curse placed upon it.
Armour
 b - the +3 hat of Pondering {ponderous, MR+ MP+10 Int+5}
   (You found it on level 10 of the Dungeon)

   It affects your intelligence (+5).
   It affects your resistance to hostile enchantments.
   It affects your magic capacity (+10).
 l - a +0 pair of boots (worn)
 q - a cursed +0 pair of gloves (worn)
 x - a +1 robe of resistance
 D - the cursed +1 leather armour "Sekagour" (worn) {rF+ rN+ Str+2}
   (You bought it in a shop on level 12 of the Dungeon)

   It affects your strength (+2).
   It protects you from fire.
   It protects you from negative energy.
   It has a curse placed upon it.
Jewellery
 d - a +6 ring of strength (left hand)
 m - the ring "Huteowk" (right hand) {+Fly rF+ Str+6 Int+3}
   (You found it on level 4 of the Dungeon)

   [ring of strength]

   It affects your strength (+6).
   It affects your intelligence (+3).
   It protects you from fire.
   It lets you fly.
 o - an amulet of reflection (around neck)
Wands
 r - a wand of flame (37)
 y - a wand of paralysis (9)
 z - a wand of polymorph (6)
 B - a wand of clouds (5)
 C - a wand of digging (3)
Scrolls
 a - 9 scrolls of remove curse
 c - a scroll of brand weapon
 e - a scroll of blinking
 f - 4 scrolls of enchant armour
 g - 2 scrolls of immolation
 h - 4 scrolls of amnesia
 i - 3 scrolls of teleportation
 j - 2 scrolls of identify
 k - 4 scrolls of fear
 n - a scroll of fog {unknown}
 p - a scroll of noise
 s - a scroll of summoning
 t - a scroll of enchant weapon


   Skills:
 + Level 4.3 Fighting
   Level 1.9(4.6) Short Blades
 + Level 6.6(6.7) Long Blades
   Level 0.2 Polearms
 + Level 4.0 Armour
 + Level 4.2 Dodging
 + Level 4.5 Stealth
 + Level 1.8 Unarmed Combat
 + Level 13.6 Spellcasting
 + Level 1.3 Conjurations
 + Level 1.6 Hexes
 + Level 1.6 Charms
 + Level 3.1 Summonings
 + Level 10.2 Ice Magic
 + Level 2.1 Air Magic
 + Level 1.6 Poison Magic
 + Level 0.3 Evocations


You had 19 spell levels left.
You knew the following spells:

 Your Spells              Type           Power        Failure   Level  Hunger
a - Freeze                Ice            ####         1%          1    N/A
b - Frozen Ramparts       Ice            ######       1%          3    N/A
c - Ozocubu's Armour      Chrm/Ice       #####...     1%          3    N/A
d - Summon Ice Beast      Ice/Summ       #####...     3%          4    N/A
e - Mephitic Cloud        Conj/Pois/Air  ###.....     8%          3    N/A
f - Metabolic Englaciati  Hex/Ice        #####.....   12%         5    N/A

Your spell library contained the following spells:

 Spells                   Type           Power        Failure   Level  Hunger
 Summon Small Mammal      Summ           ####         1%          1    N/A
 Call Imp                 Summ           ####....     1%          2    N/A
 Corona                   Hex            ###....      2%          1    N/A
 Poisonous Vapours        Pois/Air       ###...       3%          2    N/A
 Slow                     Hex            ###.....     3%          2    N/A
 Call Canine Familiar     Summ           ####....     4%          3    N/A
 Hailstorm                Conj/Ice       #####...     4%          4    N/A
 Summon Guardian Golem    Hex/Summ       ###.....     5%          3    N/A
 Confusing Touch          Hex            ###.....     8%          3    N/A
 Inner Flame              Hex/Fire       ###.....     11%         3    N/A
 Portal Projectile        Hex/Tloc       ###...       11%         3    N/A
 Conjure Flame            Conj/Fire      ###.....     12%         3    N/A
 Gell's Gravitas          Tloc           ##........   16%         3    N/A
 Summon Lightning Spire   Summ/Air       ####....     17%         4    N/A
 Cause Fear               Hex            ###.......   26%         4    N/A
 Leda's Liquefaction      Hex/Erth       ###.......   34%         4    N/A
 Petrify                  Tmut/Erth      ##......     45%         4    N/A
 Yara's Violent Unravell  Hex/Tmut       ###.......   69%         5    N/A
 Freezing Cloud           Conj/Ice/Air   ####......   75%         6    N/A
 Ring of Flames           Chrm/Fire      ###.......   100%        7    N/A

Dungeon Overview and Level Annotations

Branches:
Dungeon (14/15)            Temple (1/1) D:4            Lair (0/6) D:8
    Orc (0/2) D:10         Vaults (0/5) D:13

Altars:
Ashenzari
Cheibriados
Dithmenos
Elyvilon
Fedhas
Gozag
Hepliaklqana
Kikubaaqudgha
Makhleb
Nemelex Xobeh
Okawaru
Qazlal
Ru
Sif Muna
Trog
Uskayaw
Vehumet
Wu Jian
Xom
Yredelemnul
Zin
The Shining One

Shops:
D:9 *   D:12 [   D:14 [

Annotations:
D:4 1 runed translucent door, LiquidLion's ghost, amateur DESu
D:7 2 runed translucent doors, Crazy Yiuf
D:14 Frances


Innate Abilities, Weirdness & Mutations

You do not eat or drink.
Your flesh is vulnerable to fire.
You are immune to poison.
Your flesh is cold resistant. (rC+)
You are immune to negative energy. (rN+++)
You are immune to unholy pain and torment.
You can survive without breathing.


Message History

Unknown command.
As you read the scroll of teleportation, it crumbles to dust.
You feel strangely unstable.
Frances is no longer moving quickly.
The sixfirhy is engulfed in noxious fumes.
The wall freezes the sixfirhy.
The sixfirhy is engulfed in noxious fumes.
The wall freezes the sixfirhy.
The sixfirhy is engulfed in noxious fumes.
The wall freezes the sixfirhy.
The sixfirhy is engulfed in noxious fumes.
The wall freezes the sixfirhy.
Frances is engulfed in noxious fumes.
Frances appears confused.
Frances resists.
The wall freezes Frances.
The sixfirhy is engulfed in noxious fumes.
The sixfirhy appears confused.
The wall freezes the sixfirhy.
The wall freezes the sixfirhy but do no damage.
The wall freezes the sixfirhy.
The sixfirhy hits you!
* * * LOW HITPOINT WARNING * * *
The sixfirhy shocks you. You resist.
You die...
Your body crumbles into a pile of gold.

≈ .@. ≈≈ #..
.≈≈ #.# ..≈≈
#.. ####..≈≈≈
#.# #....≈≈≈≈
#.# #@# #.####
#3# #YY..# #.#
#.##.#######☼#
#.##.@.∩Y..@4#
#.##########°#
#.. ..# ###
#.# ..#


You could see Frances (confused), a hellwing (summoned) and a sixfirhy
(summoned, confused).

Vanquished Creatures
  Erica (D:9)
  4 centaur warriors
  2 two-headed ogres
  A deep elf mage (D:13)
  An ugly thing (D:12)
  A cyclops (D:12)
  3 gargoyles
  A centaur skeleton (D:12)
  3 kobold demonologists (D:11)
  6 trolls
  2 hornets
  2 hippogriffs
  A redback (shapeshifter) (D:13)
  A spriggan (D:11)
  3 wyverns
  9 humans (D:13)
  20 yaks
  A basilisk (D:12)
  A soldier ant (D:12)
  A water moccasin (D:12)
  A hornet zombie (D:8)
  A necrophage (D:5)
  6 orc warriors
  A phantom (D:13)
  An eye of draining (D:11)
  6 ice beasts
  4 sky beasts
  2 black bears
  4 ogres
  3 wolves (D:9)
  6 centaurs
  A crocodile (D:11)
  3 big kobolds
  9 bullfrogs
  A wyvern zombie (D:11)
  4 scorpions
  7 killer bees (D:6)
  8 howler monkeys
  4 wights (D:11)
  6 crimson imps
  2 centaur zombies
  4 hounds
  3 jellies
  9 orc priests
  12 orc wizards
  2 bullfrog skeletons
  2 iguanas
  6 worker ants
  A hound zombie (D:11)
  3 hound skeletons
  15 adders
  5 shadow imps
  An ooze (D:4)
  An adder zombie (D:7)
  An adder skeleton (D:4)
  3 worms
  3 dart slugs (D:1)
  3 leopard geckos
  34 orcs
  A giant cockroach (D:1)
  17 goblins
  10 hobgoblins
  13 jackals
  2 quokkas (D:3)
  2 ball pythons
  6 bats
  6 frilled lizards
  A jackal skeleton (D:5)
  13 kobolds
  A leopard gecko skeleton (D:4)
  A leopard gecko zombie (D:5)
  13 rats
338 creatures vanquished.

Vanquished Creatures (collateral kills)
  A vault guard (D:13)
  2 two-headed ogres
  2 ugly things
  An efreet (D:10)
  7 yaks
  A wyvern (D:9)
  A hungry ghost (D:11)
  Grum (D:9)
  An ogre (D:12)
  A big kobold (D:11)
  A gnoll sergeant (D:11)
  3 wights (D:11)
  An adder (D:10)
  A leopard gecko (D:8)
  An orc (D:12)
25 creatures vanquished.

Vanquished Creatures (others)
  A human (D:13)
1 creature vanquished.

Grand Total: 364 creatures vanquished

Notes
Turn   | Place    | Note
-------+----------+-------------------------------------------
     0 | D:1      | Atlas the Mummy Ice Elementalist began the quest for the
                  | Orb.
     0 | D:1      | Reached XP level 1. HP: 13/13 MP: 4/4
   252 | D:1      | Reached XP level 2. HP: 19/19 MP: 2/5
   464 | D:1      | Reached skill level 3 in Spellcasting
   871 | D:1      | Reached XP level 3. HP: 23/24 MP: 4/8
   879 | D:1      | Learned a level 3 spell: Frozen Ramparts
  1639 | D:2      | Reached skill level 4 in Spellcasting
  1968 | D:2      | Reached XP level 4. HP: 24/30 MP: 5/10
  2883 | D:2      | Found a shimmering blue altar of Sif Muna.
  3236 | D:3      | Reached XP level 5. HP: 35/35 MP: 9/12
  3241 | D:3      | Learned a level 3 spell: Ozocubu's Armour
  3396 | D:3      | Reached skill level 5 in Spellcasting
  4428 | D:4      | Found a staircase to the Ecumenical Temple.
  4431 | D:4      | Noticed a phantom
  4436 | D:4      | Reached XP level 6. HP: 37/42 MP: 8/14
  4439 | Temple   | Entered the Ecumenical Temple
  4510 | Temple   | Became a worshipper of Gozag Ym Sagoz the Greedy
  4647 | D:4      | Got a crude bronze ring
  4778 | Temple   | Identified the ring "Huteowk" {+Fly rF+ Str+6 Int+3} (You
                  | found it on level 4 of the Dungeon)
  5163 | D:4      | Found a hazy altar of Hepliaklqana.
  5164 | D:4      | Found a shimmering altar of Xom.
  5165 | D:4      | Noticed a spectral ugly thing
  5207 | D:4      | Found a runed translucent door.
  5209 | D:4      | Noticed LiquidLion's ghost (amateur DESu)
  5245 | D:4      | Reached skill level 1 in Fighting
  5307 | D:4      | Reached skill level 6 in Spellcasting
  5307 | D:4      | Reached skill level 5 in Ice Magic
  5713 | D:5      | Entered Level 5 of the Dungeon
  5954 | D:5      | Found a white marble altar of Elyvilon.
  6003 | D:5      | Found a glowing silver altar of Zin.
  6236 | D:5      | Found a sand-covered staircase.
  6241 | D:5      | Reached skill level 1 in Unarmed Combat
  6241 | D:5      | Reached XP level 7. HP: 48/48 MP: 11/16
  6423 | D:5      | Reached skill level 1 in Armour
  7289 | D:6      | Got a brightly glowing dagger
  7290 | D:6      | Identified the +6 dagger "Wothat" {flame, +Rage} (You found
                  | it on level 6 of the Dungeon)
  7335 | D:6      | Found a blossoming altar of Fedhas.
  7417 | D:6      | Reached XP level 8. HP: 46/54 MP: 14/18
  7418 | D:6      | Reached skill level 7 in Spellcasting
  8130 | D:7      | Noticed a sixfirhy
  8135 | D:7      | Found a runed translucent door.
  8141 | D:7      | Learned a level 4 spell: Summon Ice Beast
  8145 | D:7      | Learned a level 3 spell: Mephitic Cloud
  8174 | D:7      | Reached skill level 8 in Spellcasting
  8680 | D:7      | Found a stormy altar of Qazlal.
  8932 | D:7      | Found a glowing golden altar of the Shining One.
  9041 | D:7      | Found a runed translucent door.
  9042 | D:7      | Noticed Crazy Yiuf
  9099 | D:7      | Reached XP level 9. HP: 59/59 MP: 17/21
  9220 | D:8      | Reached skill level 9 in Spellcasting
  9507 | D:8      | Noticed a two-headed ogre
  9623 | D:8      | Killed a two-headed ogre
  9623 | D:8      | Reached skill level 1 in Short Blades
  9787 | D:8      | You fall into a shaft and drop 2 floors!
  9787 | D:10     | Entered Level 10 of the Dungeon
  9999 | D:9      | Noticed a two-headed ogre
 10005 | D:9      | Reached skill level 10 in Spellcasting
 10017 | D:9      | Killed a two-headed ogre
 10017 | D:9      | Reached skill level 1 in Summonings
 10040 | D:9      | Noticed Erica
 10057 | D:9      | Reached XP level 10. HP: 63/67 MP: 10/24
 10063 | D:9      | Killed Erica
 10269 | D:9      | Found an ornate altar of the Wu Jian Council.
 10360 | D:9      | Reached skill level 1 in Charms
 10420 | D:9      | Noticed Grum
 10427 | D:9      | Killed Grum
 10430 | D:9      | Reached skill level 11 in Spellcasting
 10431 | D:9      | Reached skill level 1 in Air Magic
 10472 | D:9      | Found Orrobait's General Store.
 11176 | D:8      | Found a staircase to the Lair.
 11660 | D:10     | Noticed a two-headed ogre
 11671 | D:10     | Killed a two-headed ogre
 11799 | D:10     | Got a transparent short sword
 11800 | D:10     | Identified the +5 short sword of the Equinox {flame, +Inv
                  | Int-5 Stlth+} (You found it on level 10 of the Dungeon)
 11839 | D:10     | Reached skill level 1 in Long Blades
 11998 | D:10     | Noticed a two-headed ogre
 12022 | D:10     | Killed a two-headed ogre
 12326 | D:10     | Found a staircase to the Orcish Mines.
 12585 | D:10     | Reached XP level 11. HP: 57/73 MP: 17/26
 12699 | D:10     | Found the +3 hat of Pondering {ponderous, MR+ MP+10 Int+5}
 12858 | D:10     | Noticed a purple ugly thing
 12866 | D:10     | Killed a purple ugly thing
 12888 | D:10     | Got an encrusted double sword
 12889 | D:10     | Identified the cursed +3 double sword "Buoh" {pain, +Fly
                  | rElec Stlth+} (You found it on level 10 of the Dungeon)
 13157 | D:11     | Learned a level 5 spell: Metabolic Englaciation
 13199 | D:11     | Noticed a brown ugly thing
 13636 | D:11     | Killed a brown ugly thing
 13636 | D:11     | Reached skill level 1 in Hexes
 14034 | D:11     | Got a smoking chain mail
 14045 | D:11     | Identified the +3 chain mail of Hairy Wonder {rN+ MR-
                  | Dex+4} (You found it on level 11 of the Dungeon)
 14250 | D:11     | Reached skill level 12 in Spellcasting
 14514 | D:11     | Noticed a centaur warrior
 14561 | D:11     | Killed a centaur warrior
 14561 | D:11     | Reached skill level 1 in Poison Magic
 15503 | D:11     | Got a pitted buckler
 15512 | D:11     | Identified the +0 buckler of Ilest {Harm Dex+4} (You found
                  | it on level 11 of the Dungeon)
 16107 | D:12     | Reached XP level 12. HP: 66/81 MP: 26/28
 16483 | D:12     | Reached skill level 1 in Conjurations
 16536 | D:12     | Found Deor's Armour Shoppe.
 16589 | D:12     | Bought the cursed +1 leather armour "Sekagour" {rF+ rN+
                  | Str+2} for 369 gold pieces
 16787 | D:12     | Reached skill level 13 in Spellcasting
 16968 | D:12     | Reached skill level 10 in Ice Magic
 17532 | D:13     | Reached skill level 5 in Long Blades
 17745 | D:13     | Noticed a centaur warrior
 17753 | D:13     | Killed a centaur warrior
 17773 | D:13     | Noticed a vault guard
 17800 | D:13     | Killed a vault guard
 17862 | D:13     | Noticed a centaur warrior
 17899 | D:13     | Killed a centaur warrior
 18193 | D:13     | Noticed a centaur warrior
 18201 | D:13     | Killed a centaur warrior
 18569 | D:13     | Found a gate to the Vaults.
 19313 | D:14     | Noticed Frances
 19341 | D:14     | HP: 2/84 [sixfirhy[Frances] (12)]
 19341 | D:14     | Slain by a sixfirhy

Illustrated notes

Levels and vault maps discovered:
D:1:      wheals_arrival_linesprint, layout_basic
D:2:      layout_basic, led_sif_pool, serial_corexii_hall,
          corexii_hall_statues_x, chequers_hall_statues_corner_a,
          corexii_hall_statues_i, corexii_hall_statues_i, first_ration
D:3:      layout_basic
D:4:      layout_basic, regret_index_temple_of_mockery,
          minmay_temple_entry_proselytizer, gammafunk_ghost_grave,
          nrook_mini_vaults
D:5:      layout_cave_pods, zin_statuary, lightli_ossuary_entry_decrepit_ruins,
          elyvilon_altar_5
D:6:      layout_gridville, fedhas_ov_isle_minmay
D:7:      cheibrodos_shockbox, layout_loops_ring, grunt_qazlal_sundering,
          kennysheep_mini_moat, uniq_crazy_yiuf_cottage
D:8:      layout_layer_cave, lair_entry_dummy
D:9:      layout_loops_ring, nicolae_overflow_crystal_walls, serial_shops,
          shop_coins, uniq_grum, uniq_erica
D:10:     minmay_wavy_crystal, layout_loops_ring, orc_0_dummy
D:11:     kennysheep_windowed_halls, layout_basic, the_bakery,
          minmay_increasing_density
D:12:     layout_loops_ring, serial_shops, shop
D:13:     layout_roguey, ximxim_vaults_locker_room, enter_bailey_3,
          minmay_misc_feat_cross
D:14:     minmay_bloctagon_deflated, layout_basic,
          chequers_serial_rivers_small_3, gauntlet_entry_generic,
          skrybe_limestone_x, uniq_frances
Temple:   eino_wide_crystal_templ

Skill      XL: |  1  2  3  4  5  6  7  8  9 10 11 12 |
---------------+-------------------------------------+-----
Spellcasting   | 3 4 5 6 8 10 11 12 13 | 13.6
Ice Magic      | 4 5 6 7 8 9 10 | 10.2
Stealth        | 2 3 4 |  4.5
Fighting       | 1 2 3 4 |  4.3
Dodging        | 2 3 4 |  4.2
Unarmed Combat | 1 |  1.8
Armour         | 2 3 4 |  4.0
Short Blades   | 1 |  1.9
Summonings     | 1 2 3 |  3.1
Charms         | 1 |  1.6
Air Magic      | 1 2 |  2.1
Long Blades    | 2 4 6 |  6.6
Hexes          | 1 |  1.6
Poison Magic   | 1 |  1.6
Conjurations   | 1 |  1.3
Polearms       | |  0.2
Evocations     | |  0.3

Action                   |  1- 3 |  4- 6 |  7- 9 | 10-12 || total
-------------------------+-------+-------+-------+-------++-------
Melee: Unarmed           |     7 |    78 |    22 |       ||   107
       Spear             |    14 |    14 |       |       ||    28
       Dagger            |       |       |    92 |     4 ||    96
       Scimitar          |       |       |       |    55 ||    55
       Double sword      |       |       |       |   203 ||   203
       Punch             |       |       |       |     3 ||     3
 Cast: Freeze            |    61 |   101 |    78 |    12 ||   252
       Frozen Ramparts   |     1 |     5 |    15 |    61 ||    82
       Ozocubu's Armour  |       |       |     3 |     6 ||     9
       Summon Ice Beast  |       |       |     4 |    52 ||    56
       Mephitic Cloud    |       |       |     3 |    30 ||    33
       Metabolic Englaci |       |       |       |     5 ||     5
Invok: Potion Petition   |       |       |       |     2 ||     2
       Call Merchant     |       |       |       |     1 ||     1
Evoke: Wand              |       |       |     3 |     3 ||     6
  Use: Scroll            |     3 |     2 |       |    13 ||    18
 Stab: Sleeping          |     3 |     6 |     1 |     1 ||    11
       Distracted        |       |       |     2 |     1 ||     3
       Confused          |       |       |     1 |     7 ||     8
       Paralysed         |       |       |       |     2 ||     2
Armor: Robe              |    10 |    21 |       |    23 ||    54
       Leather armour    |       |    11 |    43 |    52 ||   106
Dodge: Dodged            |    24 |   110 |    88 |   179 ||   401
Block: Other             |       |       |    30 |    65 ||    95
       Reflection        |       |       |     2 |     7 ||     9
       Rpst.: Scimitar   |       |       |       |    11 ||    11
       Double sword      |       |       |       |    43 ||    43
